 Dungeon Sprint DCSS version 0.29-a0-330-g52719c12eb (webtiles) character file.

Game seed: 16923232552713463565

2708 jt the Imperceptible (level 9, -7/51 HPs)
             Began as an Octopode Enchanter on May 7, 2022.
             Was an Initiate of Gozag.
             Mangled by a skeletal warrior
             ... wielding a +0 hand axe
              (18 damage)
             ... in the Dungeon (Sprint IX: "|||||||||||||||||||||||||||||").
             The game lasted 00:03:13 (841 turns).

jt the Imperceptible (Octopode Enchanter)            Turns: 841, Time: 00:03:14

Health: -7/51      AC:  1    Str:  6    XL:     9   Next: 66%
Magic:  12/12      EV: 11    Int: 23    God:    Gozag
Gold:   585        SH:  7    Dex: 17    Spells: 7/12 levels left

rFire   . . .      SeeInvis .   a - +2 rapier "Xafownij" {freeze, rElec rCorr Str-4 Int+3}
rCold   . . .      Faith    .   d - +0 kite shield
rNeg    . . .      Spirit   .   (helmet restricted)
rPois   .          Reflect  .   (no amulet)
rElec   +          Harm     .   n - +3 ring of dexterity
rCorr   +          Rampage  .   o - +3 ring of strength
Will    .....      NoTele   +   (no ring)
Stlth   +++++++++.              (no ring)
HPRegen 0.17/turn               (no ring)
MPRegen 0.13/turn               (no ring)
                                (no ring)
                                (no ring)

@: gold aura
A: almost no armour, amphibious, 8 rings, camouflage 1, gelatinous body 1,
(nimble swimmer 1), tentacles
a: Renounce Religion, Potion Petition, Call Merchant, Bribe Branch


You were in the Dungeon.
You worshipped Gozag.
Gozag was pleased with you.
You visited 1 branch You collected 585 gold pieces.

Inventory:

Hand Weapons
 a - the +2 rapier "Xafownij" (weapon) {freeze, rElec rCorr Str-4 Int+3}
   (You found it in the Dungeon)

   It freezes those it strikes, dealing additional cold damage.
   It can also slow down cold-blooded creatures.
   Str:       It affects your strength (-4).
   Int:       It affects your intelligence (+3).
   rElec:     It insulates you from electricity.
   rCorr:     It protects you from acid and corrosion.
 k - a +1 dagger
 l - a +2 scimitar of freezing
 m - the +3 war axe of Responsibility {protect, rF+}
   (You found it in the Dungeon)

   It grants its wielder temporary protection when it strikes (+7 to AC).
   rF:        It protects you from fire.
 p - a +0 spear
Armour
 d - a +0 kite shield (worn)
Jewellery
 n - a +3 ring of dexterity (left tentacle)
 o - a +3 ring of strength (right tentacle)
Wands
 j - a wand of acid (5)
Scrolls
 h - 2 scrolls of blinking
 i - 2 scrolls of amnesia
Potions
 b - a potion of invisibility
 c - 4 potions of curing
 e - a potion of haste
 f - 4 potions of magic
 g - a potion of berserk rage


   Skills:
 + Level 12.3 Short Blades
 - Level 2.0 Dodging
 + Level 22.1 Stealth
 - Level 2.0 Spellcasting
 - Level 3.0 Hexes
 + Level 8.8 Evocations


You had 7 spell levels left.
You knew the following spells:

 Your Spells              Type           Power      Damage    Failure   Level
a - Ensorcelled Hibernat  Hex/Ice        18%        N/A       36%         2
b - Tukima's Dance        Hex            16%        N/A       38%         3

Your spell library contained the following spells:

 Spells                   Type           Power      Damage    Failure   Level
 Confusing Touch          Hex            16%        N/A       38%         3
 Dazzling Flash           Conj/Hex       18%        N/A       58%         3


Dungeon Overview and Level Annotations

Branches:
Dungeon (1/1)

Altars:
Cheibriados
Dithmenos
Elyvilon
Fedhas
Gozag
Hepliaklqana
Kikubaaqudgha
Makhleb
Nemelex Xobeh
Okawaru
Qazlal
Ru
Sif Muna
Trog
Uskayaw
Vehumet
Wu Jian
Xom
Yredelemnul
Zin
The Shining One
Beogh
Jiyva
Lugonu


Innate Abilities, Weirdness & Mutations

You cannot wear most types of armour.
You are amphibious.
You can wear up to eight rings at the same time.
Your skin changes colour to match your surroundings (Stealth+).
Your rubbery body absorbs attacks. (AC +1, EV +1)
((You are camouflaged when in or above water. (Stealth+)))
You have tentacles for arms and can constrict up to eight enemies at once.


Message History

Items here: $ ) [[.
You hit the skeletal warrior but do no damage.
Your grab misses the skeletal warrior. You squeeze the skeletal warrior.
The skeletal warrior is lightly damaged.
The skeletal warrior hits you with a +0 hand axe!
Aiming: Corrosive Bolt
Press: ? - help, Shift-Dir - straight line, f - skeletal warrior
Aim: a skeletal warrior, wielding a +0 hand axe (lightly damaged, 74% to hit)
The bolt of acid misses the skeletal warrior.
The bolt of acid hits the slime creature!
The slime creature is moderately wounded.
The bolt of acid hits something!
The acid corrodes something!
The skeletal warrior hits you with a +0 hand axe!
* * * LOW HITPOINT WARNING * * *
Aiming: Corrosive Bolt
Press: ? - help, Shift-Dir - straight line, f/p - skeletal warrior
Aim: a skeletal warrior, wielding a +0 hand axe (lightly damaged, 74% to hit)
The bolt of acid hits the skeletal warrior!!
The acid corrodes the skeletal warrior!
The skeletal warrior is heavily damaged.
The bolt of acid hits the slime creature!!
The slime creature is severely wounded.
The bolt of acid hits something!!
You feel a bit more experienced.
The skeletal warrior hits you with a +0 hand axe!
* * * LOW HITPOINT WARNING * * *
Your Stealth skill increases to level 22!
Unknown command.
You hit the skeletal warrior but do no damage.
You grab the skeletal warrior.
The skeletal warrior is heavily damaged.
You constrict the skeletal warrior, but do no damage.
The skeletal warrior closely misses you.
Press: ? - help, v - describe, . - travel
Here: a skeletal warrior, wielding a +0 hand axe (heavily damaged, constricted by you, covered in acid)
The floor, spattered with blood.
You feel better.
You constrict the skeletal warrior, but do no damage.
The skeletal warrior hits you with a +0 hand axe!!
You die...
Your body crumbles into a pile of gold. ▓▓▓▓▓▓▓▓▓▓▓▓▓▓▓▓▓▓▓▓▓ +$Jz@$$'....[)'..[[[. ▓▓▓▓▓▓▓▓▓▓▓▓▓▓▓▓▓▓▓▓▓ $ $ $$$$$ $ $ $ $

You could see a skeletal warrior (corroded) and a slime creature.

Vanquished Creatures
  A two-headed ogre (D)
  A tengu warrior (D)
  An ugly thing (D)
  An unseen horror (D)
  A troll (D)
  A shadow (D)
  A vampire mosquito (D)
  An acid dragon (D)
  A centaur (D)
  A phantom (D)
  A gnoll sergeant (D)
  A scorpion (D)
  A white imp (D)
  An ufetubus (D)
  2 goblins (D)
  2 hobgoblins (D)
  A rat (D)
19 creatures vanquished.

Vanquished Creatures (others)
  A black bear (D)
1 creature vanquished.

Grand Total: 20 creatures vanquished

Notes
Turn   | Place    | Note
-------+----------+-------------------------------------------
     0 | D        | jt the Octopode Enchanter began the quest for the Orb.
     0 | D        | Reached XP level 1. HP: 11/11 MP: 3/3
     7 | D        | Reached skill level 5 in Stealth
    14 | D        | Reached skill level 6 in Stealth
   171 | D        | Noticed a black bear
   171 | D        | Noticed a scorpion
   171 | D        | Noticed a phantom
   173 | D        | Killed a phantom
   174 | D        | Reached skill level 12 in Stealth
   174 | D        | Reached XP level 2. HP: 17/17 MP: 5/5
   174 | D        | Reached XP level 3. HP: 21/21 MP: 6/6
   174 | D        | Reached XP level 4. HP: 27/27 MP: 7/7
   179 | D        | Learned a level 2 spell: Ensorcelled Hibernation
   183 | D        | Learned a level 3 spell: Tukima's Dance
   186 | D        | Killed a scorpion
   187 | D        | Reached skill level 14 in Stealth
   187 | D        | Reached XP level 5. HP: 28/31 MP: 8/8
   190 | D        | Killed a black bear
   191 | D        | Reached skill level 15 in Stealth
   318 | D        | Found a snail-covered altar of Cheibriados.
   318 | D        | Found a shadowy altar of Dithmenos.
   318 | D        | Found a white marble altar of Elyvilon.
   318 | D        | Found a blossoming altar of Fedhas.
   318 | D        | Found an opulent altar of Gozag.
   319 | D        | Found a hazy altar of Hepliaklqana.
   320 | D        | Found a viscous altar of Jiyva.
   321 | D        | Found an ancient bone altar of Kikubaaqudgha.
   322 | D        | Found a corrupted altar of Lugonu.
   323 | D        | Found a burning altar of Makhleb.
   324 | D        | Found a sparkling altar of Nemelex Xobeh.
   325 | D        | Found an iron altar of Okawaru.
   326 | D        | Found a stormy altar of Qazlal.
   327 | D        | Found a sacrificial altar of Ru.
   328 | D        | Found a shimmering blue altar of Sif Muna.
   329 | D        | Found a bloodstained altar of Trog.
   330 | D        | Found a hide-covered altar of Uskayaw.
   331 | D        | Found a radiant altar of Vehumet.
   332 | D        | Found an ornate altar of the Wu Jian Council.
   333 | D        | Found a shimmering altar of Xom.
   334 | D        | Found a basalt altar of Yredelemnul.
   335 | D        | Found a glowing silver altar of Zin.
   336 | D        | Found a glowing golden altar of the Shining One.
   352 | D        | Became a worshipper of Gozag Ym Sagoz the Greedy
   379 | D        | Got the +2 rapier "Xafownij" {freeze, rElec rCorr Str-4
                  | Int+3}
   379 | D        | Got the +3 war axe of Responsibility {protect, rF+}
   391 | D        | Noticed an acid dragon
   391 | D        | Noticed a shadow
   391 | D        | Noticed a troll
   391 | D        | Noticed a two-headed ogre
   391 | D        | Noticed a centaur
   393 | D        | Killed a centaur
   394 | D        | Reached skill level 16 in Stealth
   394 | D        | Reached XP level 6. HP: 36/36 MP: 9/9
   395 | D        | Killed a two-headed ogre
   396 | D        | Reached skill level 19 in Stealth
   396 | D        | Reached XP level 7. HP: 41/41 MP: 10/10
   396 | D        | Reached XP level 8. HP: 46/46 MP: 11/11
   401 | D        | HP: 2/46 [troll (7)]
   405 | D        | Killed a troll
   406 | D        | Reached skill level 20 in Stealth
   406 | D        | HP: 1/46 [gnoll sergeant/+0 spear (8)]
   408 | D        | Killed a shadow
   409 | D        | Reached skill level 10 in Short Blades
   829 | D        | Noticed a slime creature
   829 | D        | Noticed a skeletal warrior
   829 | D        | Noticed a tengu warrior
   829 | D        | Noticed a cyan ugly thing
   832 | D        | Reached skill level 5 in Evocations
   833 | D        | Killed a cyan ugly thing
   834 | D        | Reached skill level 21 in Stealth
   834 | D        | Reached XP level 9. HP: 51/51 MP: 12/12
   835 | D        | Killed a tengu warrior
   839 | D        | Killed an unseen horror
   840 | D        | Reached skill level 22 in Stealth
   841 | D        | Mangled by a skeletal warrior

Illustrated notes

Levels and vault maps discovered:
D:        linesprint [early_d, line_temple, items_1, d_10, items_2, lair_1,
          lair_end, items_3, orc_1, orc_end, items_4, d_15, swamp_1, shoals_1,
          snake_1, spider_1, d_20, vaults_1, items_5, swamp_end, shoals_end,
          snake_end, spider_end, vaults_end, d_27, items_6, zot_1, zot_end,
          crypt_end, forest_end, elf_end, slime_end, tomb_end, abyss_end,
          pan_hell_end]

Skill      XL: |  1  2  3  4  5  6  7  8  9 |
---------------+----------------------------+-----
Stealth        | 12 14 16 19 21 22 | 22.1
Short Blades   | 3 9 11 12 | 12.3
Evocations     | 6 8 |  8.8
Dodging        | |  2.0
Spellcasting   | |  2.0
Hexes          | |  3.0

Action                   |  1- 3 |  4- 6 |  7- 9 || total
-------------------------+-------+-------+-------++-------
Melee: Dagger            |    10 |    12 |       ||    22
       Tentacles         |     2 |     3 |     3 ||     8
       Constrict         |     2 |     3 |     1 ||     6
       Rapier            |       |     2 |    19 ||    21
       Punch             |       |     1 |       ||     1
Evoke: Wand              |       |       |     5 ||     5
  Use: Potion            |       |     1 |     5 ||     6
 Stab: Sleeping          |     1 |     2 |     3 ||     6
       Invisible         |       |     2 |     1 ||     3
Armor: Skin              |       |       |     1 ||     1
Dodge: Dodged            |     2 |     5 |    18 ||    25

Table legend: (Time is in decaauts)
 A = Elapsed time spent in this place.
 B = Non-inter-level travel time spent in this place.
 C = Inter-level travel time spent in this place.
 D = Time resting spent in this place.
 E = Time spent auto-exploring this place.
 F = Levels seen in this place.
 G = Mean time per level.
                   A        B        C        D        E       F      G
               +--------+--------+--------+--------+--------+-----+--------+
         Total |    834 |    834 |      0 |    646 |      0 |   1 |  834.0 |
       Dungeon |    834 |    834 |      0 |    646 |      0 |   1 |  834.0 |
               +--------+--------+--------+--------+--------+-----+--------+

Top non-repeatable levels by time:
       D: 834 daAuts
